 Dungeon Crawl Stone Soup version 0.32-a0-290-g598725c5f2 (webtiles) character file.

Game seed: 10923706575359242488

1461 Edwards80 the Magician (level 8, -14/41 HPs)
             Began as a Deep Elf Alchemist on Feb 13, 2024.
             Was an Initiate of Dithmenos.
             Demolished by a shadow (18 damage)
             ... on level 6 of the Dungeon.
             The game lasted 00:20:52 (6339 turns).

Edwards80 the Magician (Deep Elf Alchemist)         Turns: 6339, Time: 00:20:53

Health: -14/41     AC:  4    Str:  9    XL:     8   Next: 48%
Magic:  18/20      EV: 14    Int: 22    God:    Dithmenos [......]
Gold:   343        SH:  0    Dex: 14    Spells: 19/20 levels left

rFire   . . .        (no weapon)
rCold   + . .        (no shield)
rNeg    . . .        a - +0 robe
rPois   .            (no helmet)
rElec   .            q - +0 cloak
rCorr   .            x - +0 pair of gloves
SInv    .            i - +0 pair of boots
Will    .....        y - amulet of magic regeneration
Stlth   +++          (no ring)
HPRegen 0.26/turn    (no ring)
MPRegen 0.57/turn

%: no passive effects
@: no status effects
A: cold resistance 1, deformed body, strong 1
a: Renounce Religion


You were on level 6 of the Dungeon.
You worshipped Dithmenos.
Dithmenos was noncommittal.
You visited 2 branches of the dungeon, and saw 7 of its levels.

You collected 343 gold pieces.

Inventory:

Hand Weapons
 p - a +3 quarterstaff of chaos
Armour
 a - a +0 robe (worn)
 i - a +0 pair of boots (worn)
 q - a +0 cloak (worn)
 x - a +0 pair of gloves (worn)
Jewellery
 y - an amulet of magic regeneration (around neck)
Talismans
 e - a maw talisman
 l - a storm talisman
Wands
 v - a wand of digging (5)
 B - a wand of mindburst (16)
Scrolls
 g - a scroll of poison
 h - a scroll of enchant armour {unknown}
 k - a scroll of teleportation {unknown}
 m - a scroll of summoning {unknown}
 n - a scroll of enchant weapon {unknown}
 t - a scroll of silence {unknown}
 w - a scroll of blinking {unknown}
 A - a scroll of amnesia {unknown}
 D - a scroll of torment {unknown}
Potions
 b - 2 potions of magic
 c - 2 potions of heal wounds
 d - a potion of invisibility
 f - 2 potions of curing
 j - a potion of haste
 o - 2 potions of lignification
 r - a potion of cancellation {unknown}
 s - a potion of brilliance {unknown}
 u - 2 potions of attraction {unknown}
 z - a potion of degeneration {unknown}
 C - a potion of might {unknown}


   Skills:
 + Level 6.0 Dodging
 + Level 6.5 Stealth
 + Level 6.8 Spellcasting
 + Level 5.2 Conjurations
 + Level 6.1 Alchemy


You had 19 spell levels left.
You knew the following spells:

 Your Spells              Type           Power      Damage    Failure   Level
a - Sting                 Conj/Alch      100%       1d9       1%          1

Your spell library contained the following spells:

 Spells                   Type           Power      Damage    Failure   Level
 Mercury Vapours          Alch/Air       42%        N/A       3%          2
 Mephitic Cloud           Conj/Alch/Air  24%        N/A       5%          3
 Olgreb's Toxic Radiance  Alch           34%        N/A       7%          4
 Apportation              Tloc           14%        N/A       9%          1
 Necrotise                Necr           28%        1d5       9%          1
 Summon Small Mammal      Summ           28%        N/A       9%          1
 Dazzling Flash           Conj/Hex       38%        N/A       9%          3
 Ensorcelled Hibernation  Hex/Ice        14%        N/A       13%         2
 Sticky Flame             Fire/Alch      21%        2d6       24%         4
 Inner Flame              Hex/Fire       7%         N/A       26%         3
 Passwall                 Erth           7%         N/A       26%         3
 Swiftness                Air            7%         N/A       26%         3
 Volatile Blastmotes      Fire/Tloc      14%        2d11      26%         3
 Iskenderun's Battlesphe  Conj           30%        2d8       26%         5
 Flame Wave               Conj/Fire      19%        2d7       28%         4
 Summon Forest            Summ/Tloc      3%         N/A       93%         5
 Summon Mana Viper        Hex/Summ       7%         N/A       93%         5
 Starburst                Conj/Fire      9%         6d5       99%         6
 Summon Cactus Giant      Summ           3%         N/A       100%        6
 Maxwell's Capacitive Co  Air            3%         ∞         100%        8


Dungeon Overview and Level Annotations

Branches:
Dungeon (6/15)             Temple (1/1) D:6

Altars:
Ashenzari
Cheibriados
Dithmenos
Elyvilon
Gozag
Kikubaaqudgha
Nemelex Xobeh
Okawaru
Ru
Sif Muna
Trog
Vehumet
Wu Jian
Xom
Yredelemnul
The Shining One

Shops:
D:1 :


Innate Abilities, Weirdness & Mutations

Your flesh is cold resistant. (rC+)
Armour fits poorly on your strangely shaped body.
Your muscles are strong. (Str +4, Int/Dex -1)


Message History

The sting hits the shadow but does no damage.
The shadow is lightly damaged.
The shadow slips into darkness.
The shadow flickers and vanishes!
Deactivating autopickup; reactivate with Ctrl-A.
Casting: Sting (safe; 1% risk of failure)
Confirm with . or Enter, or press ? or * to list all spells.
You can't see any susceptible monsters within range! (Use Z to cast anyway.) Unknown command.
Casting: Sting (safe; 1% risk of failure)
Confirm with . or Enter, or press ? or * to list all spells.
You don't know that spell.
You hit something but do no damage.
The shadow strikes at you from the darkness!
* * * LOW HITPOINT WARNING * * *
Reactivating autopickup.
Casting: Sting (safe; 1% risk of failure)
Confirm with . or Enter, or press ? or * to list all spells.
You don't know that spell.
Casting: Sting (safe; 1% risk of failure)
Confirm with . or Enter, or press ? or * to list all spells.
Aiming: Sting (safe; 1% risk of failure)
Press: ? - help, Shift-Dir - straight line, f/p - shadow
Aim: a shadow (lightly damaged, 78% to hit)
The sting hits the shadow but does no damage.
The shadow is lightly damaged.
The shadow slips into darkness.
The shadow flickers and vanishes!
Deactivating autopickup; reactivate with Ctrl-A.
Casting: Sting (safe; 1% risk of failure)
Confirm with . or Enter, or press ? or * to list all spells.
You can't see any susceptible monsters within range! (Use Z to cast anyway.) Unknown command.
Casting: Sting (safe; 1% risk of failure)
Confirm with . or Enter, or press ? or * to list all spells.
Aiming: Sting (safe; 1% risk of failure)
Press: ? - help, Shift-Dir - straight line The sting hits something.
The shadow strikes at you from the darkness!
You die...

#)......# #.##...
#.......##############<#####
#.).......##....~~~~##.#
#........##.########.#######
#..).....#~## .P).≈##.#.....
#........#~# .P~:≈≈#.####..
##.....#..#~# ..P)~S#.# ###
#.........#.#+ ..P~SS#.######
#...#.##.##.@# .~..≈##~##....
#...#.##..##{##########~####.
#.)........#~~# .P$[≈##~# #.
#..........##~# ..~~SS#.# #.
#...##.###..#.# ..P$~S#.# #.
####.).........#.# .P..≈≈#.#
## #.....##########..
..[.≈##'## #.###.# #.
######...# #.# #)# ### #.#
##.##


There were no monsters in sight!

Vanquished Creatures
  A black bear (D:6)
  A centaur (D:6)
  An ogre (D:4)
  2 phantoms
  2 bullfrogs
  A scorpion (D:5)
  An orc priest (D:6)
  2 bombardier beetles
  4 hounds
  Crazy Yiuf (D:2)
  2 jellies (D:6)
  Terence (D:3)
  3 iguanas
  2 sleepcaps
  3 orc wizards
  10 adders
  4 gnolls (D:2)
  A shadow imp (D:5)
  A dart slug (D:2)
  10 orcs
  10 bats
  9 endoplasms
  8 giant cockroaches
  6 hobgoblins
  7 jackals
  11 quokkas
  4 ball pythons
  4 frilled lizards
  7 goblins
  9 kobolds
  6 rats
134 creatures vanquished.

Vanquished Creatures (collateral kills)
  A quokka (D:4)
1 creature vanquished.

Grand Total: 135 creatures vanquished

Notes
Turn   | Place    | Note
-------+----------+-------------------------------------------
     0 | D:1      | Edwards80 the Deep Elf Alchemist began the quest for the
                  | Orb.
     0 | D:1      | Reached XP level 1. HP: 10/10 MP: 6/6
    97 | D:1      | Reached XP level 2. HP: 15/15 MP: 2/8
   385 | D:1      | Reached XP level 3. HP: 19/19 MP: 7/9
   526 | D:1      | Found Jiuvunok's Book Shoppe.
  1002 | D:2      | Reached XP level 4. HP: 13/24 MP: 1/11
  1489 | D:2      | Reached XP level 5. HP: 25/28 MP: 7/13
  1578 | D:2      | Got Helub's Information on Sinister Injury
  1752 | D:2      | Gained mutation: Your muscles are strong. (Str +4, Int/Dex
                  | -1) [potion of mutation]
  1752 | D:2      | Gained mutation: Armour fits poorly on your strangely
                  | shaped body. [potion of mutation]
  1752 | D:2      | Gained mutation: Your flesh is cold resistant. (rC+)
                  | [potion of mutation]
  1869 | D:2      | Found a runed translucent door.
  1870 | D:2      | Noticed Crazy Yiuf
  2149 | D:2      | Found a faded altar of an unknown god.
  2192 | D:2      | Killed Crazy Yiuf
  2470 | D:3      | Noticed Terence
  2494 | D:3      | Killed Terence
  2770 | D:3      | Reached XP level 6. HP: 30/32 MP: 11/14
  2931 | D:3      | Found a sparkling altar of Nemelex Xobeh.
  3397 | D:4      | Reached skill level 5 in Spellcasting
  3435 | D:4      | You fall into a shaft and drop 1 floor!
  3435 | D:5      | Entered Level 5 of the Dungeon
  3585 | D:5      | Reached XP level 7. HP: 12/36 MP: 10/16
  3687 | D:5      | Reached skill level 5 in Stealth
  3687 | D:5      | Reached skill level 5 in Alchemy
  3986 | D:5      | Reached skill level 5 in Dodging
  4445 | D:5      | Identified the +1 battleaxe "Ydwiothauh" {freeze, Int+3}
  5195 | D:6      | Reached XP level 8. HP: 34/41 MP: 17/19
  5228 | D:6      | HP: 1/41 [centaur/arrow (9)]
  5570 | D:6      | Reached skill level 5 in Conjurations
  5917 | D:6      | Found a staircase to the Ecumenical Temple.
  5924 | Temple   | Entered the Ecumenical Temple
  5936 | Temple   | Became a worshipper of Dithmenos the Shadowed
  6230 | D:6      | Found an opulent altar of Gozag.
  6339 | D:6      | Demolished by a shadow

Illustrated notes

Levels and vault maps discovered:
D:1:      saegor_arrival_simple_b, layout_rooms, serial_shops,
          nicolae_shop_advertising_works [nicolae_subvault_shop_adworks]
D:2:      layout_basic, dreamdust_ecumenical_altar_hidden_monk_grotto,
          kennysheep_cross_bottleneck, minmay_quantized, uniq_crazy_yiuf_cottage
D:3:      layout_basic, nemelex_diamond_rough_becter, moated_statue,
          uniq_terence
D:4:      layout_basic, grunt_temple_overflow_order_and_chaos_2,
          worldfamousw_hep_ancestral_shrine
D:5:      layout_basic, gup_sewer_entry_pipe, minivault_25,
          minmay_misc_feat_columns, chequers_serial_rivers_micro_a
D:6:      cheibrodos_two_vegetables, layout_loops_ring,
          nicolae_gozag_cash_rules_everything_around_me,
          minmay_temple_entry_butterflies
Temple:   nicolae_temple_bog_church

Skill      XL: |  1  2  3  4  5  6  7  8 |
---------------+-------------------------+-----
Stealth        | 3 4 5 6 |  6.5
Dodging        | 3 4 5 6 |  6.0
Conjurations   | 2 3 4 5 |  5.2
Alchemy        | 4 5 6 |  6.1
Spellcasting   | 4 5 6 |  6.8

Action                     |  1- 3 |  4- 6 |  7- 9 || total
---------------------------+-------+-------+-------++-------
  Melee: Unarmed           |       |     7 |     1 ||     8
   Cast: Sting             |    75 |   134 |   181 ||   390
  Evoke: Wand              |       |     1 |       ||     1
    Use: Scroll            |     1 |     3 |     3 ||     7
         Potion            |       |     1 |       ||     1
 Armour: Robe              |    17 |    58 |    71 ||   146
  Dodge: Dodged            |    28 |    39 |    81 ||   148

Table legend: (Time is in decaauts)
 A = Elapsed time spent in this place.
 B = Non-inter-level travel time spent in this place.
 C = Inter-level travel time spent in this place.
 D = Time resting spent in this place.
 E = Time spent auto-exploring this place.
 F = Levels seen in this place.
 G = Mean time per level.
                   A        B        C        D        E       F      G
               +--------+--------+--------+--------+--------+-----+--------+
         Total |   6361 |   6242 |    119 |      0 |   4948 |   7 |  908.7 |
       Dungeon |   6340 |   6228 |    112 |      0 |   4948 |   6 | 1056.7 |
        Temple |     21 |     14 |      7 |      0 |      0 |   1 |   21.0 |
               +--------+--------+--------+--------+--------+-----+--------+

Top non-repeatable levels by time:
     D:5: 1661 daAuts
     D:6: 1242 daAuts
     D:2: 1171 daAuts
     D:1: 1076 daAuts
     D:3: 861 daAuts
     D:4: 326 daAuts
  Temple: 21 daAuts
